 Dungeon Crawl Stone Soup version 0.18.1-8-gdd0e5ea (webtiles) character file.

39865 juanjsm the Unseen (level 13, -4/60 HPs)
             Began as a Spriggan Enchanter on June 9, 2016.
             Was the Champion of Okawaru.
             Slain by a spriggan rider
             ... wielding a +0 spear
              (23 damage)
             ... on level 8 of the Lair of Beasts.
             The game lasted 01:33:32 (16306 turns).

juanjsm the Unseen (Spriggan Enchanter)            Turns: 16306, Time: 01:33:32

Health: -4/60      AC:  4    Str:  4    XL:     13   Next: 71%
Magic:  11/27      EV: 25    Int: 22    God:    Okawaru [******]
Gold:   1183       SH:  0    Dex: 14    Spells: 5 memorised, 22 levels left

rFire  + + .     SeeInvis +     f - +5 quick blade (chaos)
rCold  + . .     Gourm    .     B - +2 robe {rC+}
rNeg   . . .     Faith    .     (shield restricted)
rPois  +         Spirit   .     (helmet restricted)
rElec  .         Dismiss  .     (no cloak)
rCorr  .         Reflect  .     (gloves unavailable)
SustAt .         Harm     .     (boots unavailable)
MR     ++...                    M - amulet of regeneration
Stlth  +++++++++.               Z - ring of wizardry
                                S - ring of Spring {rPois rF+}

@: very quick, very resistant to hostile enchantments, incredibly stealthy
A: unfitting armour, see invisible, clumsy 1, fire resistance 1, herbivore 3,
speed 3, low mp 1, slow metabolism 2, wild magic 1
a: Heroism, Finesse, Renounce Religion


You were on level 8 of the Lair of Beasts.
You worshipped Okawaru.
Okawaru was exalted by your worship.
You were not hungry.

You visited 3 branches of the dungeon, and saw 22 of its levels.
You also visited: Labyrinth and Volcano.

You collected 1183 gold pieces.

Inventory:

Hand Weapons
 f - a +5 quick blade of chaos (weapon)
Missiles
 e - 3 exploding tomahawks (quivered)
Armour
 b - a +2 robe of positive energy
 j - a +0 buckler
 B - a +2 robe of cold resistance (worn)
Magical Staves
 r - an uncursed staff of summoning {unknown}
Jewellery
 M - an amulet of regeneration (around neck)
 S - the ring of Spring (left hand) {rPois rF+}
   (You found it in a labyrinth)

   [ring of protection from fire]

   It protects you from fire.
   It protects you from poison.
 Y - an uncursed ring of magical power
 Z - a ring of wizardry (right hand)
Wands
 c - a wand of lightning (9/15)
 m - a wand of confusion (23/48)
 n - a wand of flame (24/48)
 y - a wand of teleportation (3/9)
 A - a wand of digging (17/24)
 C - a wand of teleportation (2/9)
 G - a wand of paralysis (13/24)
 H - a wand of acid (6/15)
 I - a wand of flame (21/48)
 K - a wand of hasting (9/9)
 U - a wand of lightning (4/15)
Scrolls
 g - 5 scrolls of teleportation
 i - 4 scrolls of fog
 k - 2 scrolls of blinking
 o - a scroll of remove curse
 p - 2 scrolls of fear
 u - a scroll of recharging
Potions
 a - 2 potions of might
 h - 2 potions of brilliance
 l - 2 potions of flight
 q - 7 potions of curing
 s - a potion of haste
 v - 2 potions of agility
 x - 3 potions of magic
 z - a potion of heal wounds
Books
 t - a book of the Tempests

   Spells                             Type                      Level
   a - Static Discharge               Conjuration/Air              3
   b - Lightning Bolt                 Conjuration/Air              5
   c - Fireball                       Conjuration/Fire             5
   d - Tornado                        Air                          9
   e - Shatter                        Earth                        9
Miscellaneous
 w - a phial of floods
 L - a fan of gales
 P - an ornate deck of war
Comestibles
 d - 13 bread rations
 J - 10 fruits


   Skills:
 + Level 3.0 Fighting
 * Level 9.5 Short Blades
 * Level 11.9 Dodging
 + Level 19.5 Stealth
 * Level 2.1 Shields
 * Level 12.9 Spellcasting
 * Level 2.5 Conjurations
 + Level 10.3 Hexes
 + Level 4.9 Ice Magic


You had 22 spell levels left.
You knew the following spells:

 Your Spells              Type           Power        Failure   Level  Hunger
b - Ensorcelled Hibernat  Hex/Ice        ######       1%          2    None
c - Confuse               Hex            ######..     1%          3    None
d - Dazzling Spray        Conj/Hex       ######..     1%          3    None
e - Tukima's Dance        Hex            ######..     1%          3    None
f - Force Lance           Conj/Tloc      ####....     19%         4    None


Dungeon Overview and Level Annotations

Branches:
Dungeon (13/15)            Temple (1/1) D:7            Lair (8/8) D:8
 Shoals (0/4) Lair:5        Snake (0/4) Lair:6        Slime (0/6) Lair:7
    Orc (0/2) D:12
 Vaults: D:13-14

Altars:
Ashenzari
Cheibriados
Dithmenos
Elyvilon
Fedhas
Gozag
Kikubaaqudgha
Makhleb
Nemelex Xobeh
Okawaru
Pakellas
Qazlal
Ru
Sif Muna
Trog
Vehumet
Xom
Yredelemnul
Zin
The Shining One
Jiyva

Annotations:
D:3 Dessew's ghost, amateur SpAs


Innate Abilities, Weirdness & Mutations

You are tiny and cannot use many weapons and most armour.
You have supernaturally acute eyesight.
You are a herbivore.
You cover ground extremely quickly.
You need consume almost no food.
You are clumsy. (Dex -2)
Your flesh is heat resistant.
Your magical capacity is low (-10% MP).
Your spells are a little harder to cast, but a little more powerful.


Message History

A wolf comes into view.
The helpless wolf fails to defend itself.
You spit the wolf like a pig!!!!
You kill the wolf!
Okawaru accepts your kill.
The wolf moves out of view.
The spriggan rider hits you from afar with a spear!
The wolf misses you.
A wolf comes into view.
Casting: Ensorcelled Hibernation
Confirm with . or Enter, or press ? or * to list all spells.
Aiming: Ensorcelled Hibernation
Press: ? - help, Shift-Dir - straight line, f - wolf
Aim: a wolf (chance to defeat MR: 72%)
The wolf struggles to resist.
The wolf howls!
You hear an angry hiss.
You hear an angry growl.
You hear a howl!
The wolf moves out of view.
The wolf misses you.
The spriggan rider hits you from afar with a spear!!
You die... ♣. ♣. .$♣♣ ## ♣♣..♣ .#..### ..h♣ ..##.#.### ih♣

..........# ♣h♣
♣..#.......
♣@♣♣♣♣♣...........
♣..♣♣.............
♣♣..♣.............
♣................
♣..........#.....
♣♣.........#...#.
♣..............#
♣...............
♣♣..............


You could see a spriggan rider and 3 wolves.

Vanquished Creatures
  Rupert (Lair:5)
  A minotaur (Lab)
  Snorg (D:11)
  Harold (Lair:1)
  5 hydras
  2 lindwurms
  4 griffons
  A cyclops (D:12)
  4 elephants (Lair:6)
  A black mamba (Lair:7)
  The ghost of kak the Thaumaturge, a novice DEWz of Sif Muna (D:7)
  2 molten gargoyles (Volcano)
  A gargoyle (Volcano)
  A rime drake (Lair:8)
  10 spiny frogs
  9 komodo dragons
  A polar bear (Lair:8)
  Prince Ribbit (D:7)
  A snapping turtle (Lair:5)
  16 blink frogs
  2 boulder beetles
  3 redbacks
  A fire elemental (Volcano)
  2 basilisks (Lair:1)
  36 yaks
  Grum (D:10)
  11 hippogriffs
  Eustachio (D:4)
  2 hungry ghosts (Lab)
  15 water moccasins
  8 porcupines
  2 orc warriors
  3 sky beasts
  An ice beast (D:5)
  A black bear (D:10)
  2 phantoms
  5 ogres
  2 wasps (Lair:2)
  8 wolves
  4 centaurs
  11 crocodiles
  A big kobold (D:5)
  11 giant frogs
  4 scorpions
  A wyvern skeleton (D:6)
  8 killer bees
  A howler monkey (D:6)
  3 electric eels
  5 crimson imps
  4 orc priests
  2 hounds
  2 jellies
  4 centaur skeletons
  2 giant frog skeletons
  Jessica (D:3)
  6 iguanas
  3 orc wizards
  7 worker ants
  12 sheep
  A killer bee zombie (D:5)
  14 adders
  38 river rats
  4 shadow imps
  2 oozes (D:2)
  An adder zombie (D:8)
  An adder skeleton (D:7)
  5 worms
  3 dart slugs
  5 giant geckos
  9 orcs
  A ball python (D:2)
  14 bats
  4 giant cockroaches
  9 hobgoblins
  8 jackals
  A giant gecko skeleton (D:5)
  5 giant newts
  6 goblins
  A jackal skeleton (D:6)
  7 kobolds
  3 orc zombies (D:12)
  12 rats
416 creatures vanquished.

Vanquished Creatures (others)
  8 fungi
  4 plants (Lair:2)
12 creatures vanquished.

Grand Total: 428 creatures vanquished

Notes
Turn   | Place    | Note
--------------------------------------------------------------
     0 | D:1      | juanjsm the Spriggan Enchanter began the quest for the Orb.
     0 | D:1      | Reached XP level 1. HP: 9/9 MP: 5/5
   286 | D:1      | Reached XP level 2. HP: 13/13 MP: 6/6
   290 | D:1      | Learned a level 2 spell: Ensorcelled Hibernation
   462 | D:1      | Reached skill level 5 in Stealth
   898 | D:2      | Reached XP level 3. HP: 10/16 MP: 8/8
   903 | D:2      | Learned a level 3 spell: Confuse
  1296 | D:2      | Reached skill level 6 in Stealth
  1405 | D:3      | Noticed Jessica
  1418 | D:3      | Reached XP level 4. HP: 21/21 MP: 6/9
  1434 | D:3      | Learned a level 3 spell: Dazzling Spray
  1623 | D:3      | Found a shadowy altar of Dithmenos.
  1648 | D:3      | HP: 1/21 [worm (10)]
  1826 | D:3      | Found a shimmering altar of Xom.
  1828 | D:3      | Noticed Dessew's ghost (amateur SpAs)
  1973 | D:4      | Noticed Eustachio
  2244 | D:3      | Killed Jessica
  2425 | D:3      | Found a glowing silver altar of Zin.
  2430 | D:3      | Found an opulent altar of Gozag.
  2430 | D:3      | Found a blossoming altar of Fedhas.
  2433 | D:3      | Found a stormy altar of Qazlal.
  2434 | D:3      | Found a sparkling altar of Nemelex Xobeh.
  2607 | D:4      | Killed Eustachio
  2607 | D:4      | Reached skill level 7 in Stealth
  2607 | D:4      | Reached skill level 1 in Ice Magic
  2607 | D:4      | Reached XP level 5. HP: 9/25 MP: 0/11
  2936 | D:5      | Entered Level 5 of the Dungeon
  3013 | D:4      | Reached XP level 6. HP: 28/29 MP: 2/12
  3070 | D:4      | Reached skill level 1 in Fighting
  3438 | D:4      | Found a burning altar of Makhleb.
  3441 | D:4      | Found a radiant altar of Vehumet.
  3791 | D:5      | Reached skill level 8 in Stealth
  3979 | D:5      | Reached skill level 5 in Hexes
  3979 | D:5      | Reached XP level 7. HP: 33/33 MP: 4/15
  4369 | D:5      | Reached skill level 5 in Spellcasting
  4428 | D:5      | Reached skill level 9 in Stealth
  4770 | D:6      | Found a snail-covered altar of Cheibriados.
  4827 | D:7      | Noticed kak's ghost (novice DEWz)
  4863 | D:6      | Reached XP level 8. HP: 13/37 MP: 17/17
  5185 | D:6      | Reached skill level 10 in Stealth
  5435 | D:7      | Killed kak's ghost
  5435 | D:7      | Reached skill level 11 in Stealth
  5456 | D:7      | Noticed Prince Ribbit
  5469 | D:7      | Found a staircase to the Ecumenical Temple.
  5472 | D:7      | Killed Prince Ribbit
  5472 | D:7      | Reached XP level 9. HP: 22/42 MP: 19/19
  5516 | Temple   | Entered the Ecumenical Temple
  5578 | Temple   | Became a worshipper of Warmaster Okawaru
  5917 | D:7      | Reached skill level 5 in Dodging
  6446 | D:9      | Reached skill level 12 in Stealth
  6470 | D:10     | Entered Level 10 of the Dungeon
  6483 | D:10     | HP: 2/63 [killer bee (5)]
  6516 | D:10     | Reached * piety under Okawaru
  6602 | D:11     | Noticed Snorg
  6616 | D:11     | Killed Snorg
  6616 | D:11     | Reached ** piety under Okawaru
  6616 | D:11     | Reached skill level 5 in Short Blades
  6616 | D:11     | Reached skill level 13 in Stealth
  6616 | D:11     | Reached XP level 10. HP: 22/46 MP: 17/23
  6733 | D:12     | Found a labyrinth entrance.
  6751 | Lab      | Entered a labyrinth
  7626 | Lab      | Noticed a minotaur
  7628 | Lab      | Killed a minotaur
  7628 | Lab      | Reached *** piety under Okawaru
  7628 | Lab      | Reached skill level 14 in Stealth
  7632 | Lab      | Identified the Papyrus of Sinister Rites and the Volcanoes
  7632 | Lab      | Got a transparent silver ring
  7638 | Lab      | Identified the ring of Spring {rPois rF+} (You found it in a labyrinth)
  7655 | D:12     | Noticed a cyclops
  7657 | D:12     | Killed a cyclops
  7662 | D:12     | Found a staircase to the Orcish Mines.
  7816 | D:10     | Received a gift from Okawaru
  7905 | D:10     | Noticed Grum
  7912 | D:10     | Killed Grum
  7945 | D:10     | HP: 2/47 [wolf[Grum] (12)]
  7990 | D:10     | Reached skill level 15 in Stealth
  7995 | D:10     | Reached **** piety under Okawaru
  8706 | D:8      | Reached XP level 11. HP: 51/51 MP: 25/25
  9039 | D:8      | Found a staircase to the Lair.
  9255 | Lair:1   | Entered Level 1 of the Lair of Beasts
  9370 | Lair:1   | Noticed Harold
  9373 | Lair:1   | Killed Harold
  9373 | Lair:1   | Reached ***** piety under Okawaru
  9509 | Lair:2   | Reached skill level 16 in Stealth
  9705 | Lair:2   | Found a blossoming altar of Fedhas.
  9874 | Lair:2   | Found a dark tunnel.
  9883 | Volcano  | Entered a volcano
  9931 | Volcano  | Reached skill level 10 in Spellcasting
 10006 | Volcano  | Noticed a lindwurm
 10012 | Volcano  | Killed a lindwurm
 10254 | Lair:1   | HP: 1/51 [blink frog (20)]
 10277 | Lair:1   | Received a gift from Okawaru
 10281 | Lair:1   | Reached skill level 17 in Stealth
 11044 | Lair:2   | Reached XP level 12. HP: 56/56 MP: 16/27
 12098 | Lair:4   | Received a gift from Okawaru
 12098 | Lair:4   | Reached skill level 10 in Dodging
 12099 | Lair:4   | Got a blackened fire dragon armour {god gift}
 12130 | Lair:4   | Identified the +4 fire dragon armour of Wenging {*Contam rPois rF++ rC- Str+4 Int+5} (Okawaru gifted it to you on level 4 of the Lair of Beasts)
 12150 | Lair:4   | Gained mutation: Your magical capacity is low (-10% MP). [mutagenic glow]
 12441 | Lair:4   | Reached ****** piety under Okawaru
 12441 | Lair:4   | Reached skill level 18 in Stealth
 12788 | Lair:6   | Noticed a five-headed hydra
 12806 | Lair:6   | Killed a five-headed hydra
 12996 | Lair:6   | Noticed a six-headed hydra
 13026 | Lair:6   | Killed a six-headed hydra
 13101 | Lair:5   | Noticed Rupert
 13115 | Lair:5   | Killed Rupert
 13115 | Lair:5   | Received a gift from Okawaru
 13115 | Lair:5   | Reached skill level 10 in Hexes
 13326 | Lair:5   | Found a staircase to the Shoals.
 13331 | Lair:5   | Reached XP level 13. HP: 60/60 MP: 27/27
 13542 | Lair:1   | Learned a level 3 spell: Tukima's Dance
 13547 | Lair:1   | Learned a level 4 spell: Force Lance
 13634 | Lair:1   | Gained mutation: You are clumsy. (Dex -2) [potion of mutation]
 13634 | Lair:1   | Gained mutation: Your flesh is heat resistant. [potion of mutation]
 13634 | Lair:1   | Gained mutation: Your spells are a little harder to cast, but a little more powerful. [potion of mutation]
 14003 | Lair:6   | Found a staircase to the Snake Pit.
 14201 | Lair:6   | Found a stormy altar of Qazlal.
 14441 | Lair:6   | Reached skill level 1 in Conjurations
 14889 | Lair:8   | Entered Level 8 of the Lair of Beasts
 15113 | Lair:7   | Reached skill level 1 in Shields
 15146 | Lair:7   | Reached skill level 19 in Stealth
 15197 | Lair:7   | Received a gift from Okawaru
 15596 | Lair:7   | Found a viscous altar of Jiyva.
 15597 | Lair:7   | Found a staircase to the Slime Pits.
 16306 | Lair:8   | Slain by a spriggan rider

Skill      XL: |  1  2  3  4  5  6  7  8  9 10 11 12 13 |
---------------+----------------------------------------+-----
Stealth        | 5 6 7 8 9 11 13 15 17 18 19 | 19.5
Hexes          | 4 5 6 7 8 9 10 | 10.3
Spellcasting   | 3 4 5 6 8 9 10 12 | 12.9
Ice Magic      | 1 2 3 4 |  4.9
Dodging        | 4 7 8 9 11 | 11.9
Fighting       | 1 2 3 |  3.0
Short Blades   | 2 3 5 6 7 8 9 |  9.5
Conjurations   | 2 |  2.5
Shields        | 2 |  2.1

Action                   |  1- 3 |  4- 6 |  7- 9 | 10-12 | 13-15 || total
-------------------------+-------+-------+-------+-------+-------++-------
Melee: Dagger            |    64 |   100 |   224 |   202 |       ||   590
       Quick blade       |       |       |       |   158 |   158 ||   316
 Cast: Ensorcelled Hiber |    20 |    28 |    44 |   189 |    90 ||   371
       Confuse           |       |    10 |    26 |    26 |    11 ||    73
       Dazzling Spray    |       |       |     2 |    19 |     4 ||    25
  Use: Scroll            |       |     1 |     1 |     8 |    14 ||    24
       Potion            |       |     1 |     3 |     3 |     7 ||    14
 Stab: Sleeping          |    28 |    28 |    41 |   173 |    67 ||   337
       Confused          |       |     3 |    19 |    22 |     6 ||    50
       Invisible         |       |       |       |     1 |     3 ||     4
  Eat: Royal jelly       |       |     1 |       |       |     1 ||     2
       Bread ration      |       |     1 |       |       |       ||     1
       Pizza             |       |       |       |     3 |     1 ||     4
Armor: Robe              |    11 |     6 |     3 |    24 |     4 ||    48
       Skin              |       |       |    51 |       |       ||    51
Dodge: Dodged            |    48 |    56 |    83 |   240 |    87 ||   514
